 Dungeon Crawl Stone Soup version 0.29-a0-643-ga013cefcf8 (webtiles) character file.

Game seed: 5837653454879552559

6559 lunkers the Basher (level 11, -1/92 HPs)
             Began as a Formicid Fighter on June 20, 2022.
             Was an Initiate of Yredelemnul.
             Slain by a yak (13 damage)
             ... on level 8 of the Dungeon.
             The game lasted 00:12:38 (9404 turns).

lunkers the Basher (Formicid Fighter)               Turns: 9404, Time: 00:12:39

Health: -1/92      AC: 11    Str: 25    XL:     11   Next: 20%
Magic:  20/20      EV:  9    Int: 19    God:    Yredelemnul [......]
Gold:   475        SH:  5    Dex: 13    Spells: 10/10 levels left

rFire   . . .      SeeInvis +   b - +5 flail of the Extremes {drain, *Noise MP+9 Int+5 Stlth+}
rCold   . . .      Faith    .   c - +0 buckler
rNeg    . . .      Spirit   .   e - +1 scale mail
rPois   .          Reflect  .   (helmet unavailable)
rElec   .          Harm     .   (no cloak)
rCorr   .          Rampage  .   (no gloves)
Will    +....                   g - +2 pair of boots
Stlth   +.........              (no amulet)
HPRegen 0.25/turn               x - +6 ring of intelligence
MPRegen 0.17/turn               (no ring)

@: no status effects
A: permanent stasis, dig shafts and tunnels, antennae 3, four strong arms
a: Dig, Shaft Self, Renounce Religion, Recall Undead Harvest


You were on level 8 of the Dungeon.
You worshipped Yredelemnul.
Yredelemnul was noncommittal.
You visited 1 branch of the dungeon, and saw 9 of its levels.

You collected 475 gold pieces.

Inventory:

Hand Weapons
 a - a +0 demon whip of venom
 b - the +5 flail of the Extremes (weapon) {drain, *Noise MP+9 Int+5 Stlth+}
   (You found it on level 3 of the Dungeon)

   A truly terrible weapon, it drains the life of any living foe it strikes.
   Int:       It affects your intelligence (+5).
   MP:        It affects your magic capacity (+9).
   *Noise:    It may make noises in combat.
   Stlth:     It makes you more stealthy.
 h - a +2 dagger of venom
 s - a +2 morningstar
 y - a +6 mace
 A - a +1 flail of protection
Missiles
 t - 3 throwing nets
Armour
 c - a +0 buckler (worn)
 e - a +1 scale mail (worn)
 g - a +2 pair of boots (worn)
 q - a +2 pair of boots
Jewellery
 o - a ring of fire
 x - a +6 ring of intelligence (left hand)
Wands
 n - a wand of iceblast (9)
 r - a wand of polymorph (10)
Scrolls
 f - 3 scrolls of immolation
 k - 2 scrolls of enchant armour
 m - 3 scrolls of poison
 u - a scroll of brand weapon
 v - a scroll of identify
 w - a scroll of enchant weapon
Potions
 d - 3 potions of might
 i - a potion of flight
 j - a potion of heal wounds
 l - 5 potions of curing
 p - 3 potions of attraction
 z - a potion of lignification


   Skills:
 + Level 10.9 Fighting
 * Level 13.4 Maces & Flails
 - Level 3.2 Armour
 - Level 4.0 Shields


You had 10 spell levels left.
You didn't know any spells.
Your spell library contained the following spells:

 Spells                   Type           Power      Damage    Failure   Level
 Beastly Appendage        Tmut           0%         N/A       52%         1
 Magic Dart               Conj           0%         1d3       52%         1
 Necrotize                Necr           0%         1d4       52%         1
 Call Imp                 Summ           0%         N/A       65%         2
 Wereblood                Tmut           0%         N/A       65%         2
 Mephitic Cloud           Conj/Pois/Air  0%         N/A       87%         3
 Spider Form              Tmut/Pois      0%         N/A       87%         3
 Tukima's Dance           Hex            0%         N/A       87%         3
 Vampiric Draining        Necr           0%         2d6       87%         3
 Fulminant Prism          Conj/Hex       0%         3d6       99%         4
 Iskenderun's Mystic Bla  Conj/Tloc      0%         2d3       99%         4
 Passage of Golubria      Tloc           0%         N/A       99%         4
 Agony                    Necr           0%         N/A       100%        5
 Lee's Rapid Deconstruct  Erth           0%         3d5*      100%        5
 Yara's Violent Unravell  Hex/Tmut       0%         3d3       100%        5
 Haunt                    Necr/Summ      0%         N/A       100%        7
 Infestation              Necr           0%         N/A       100%        8
 Animate Dead             Necr           Unusable   N/A       N/A         4

Dungeon Overview and Level Annotations

Branches:
Dungeon (9/15)             Temple (0/1) D:5
   Lair: D:8-11         Orc: D:9-12

Altars:
Gozag
Kikubaaqudgha
Makhleb
Nemelex Xobeh
Qazlal
Ru
Trog
Vehumet
Wu Jian
Xom
Yredelemnul
Zin
The Shining One


Innate Abilities, Weirdness & Mutations

You cannot be hasted, slowed, berserked, paralysed or teleported.
You can dig through walls and to a lower floor.
You have a pair of large antennae on your head. (SInv)
Your four strong arms can wield two-handed weapons with a shield.


Message History

There is a stone staircase leading up, spattered with blood here.
You hit the yak.
The yak is heavily wounded.
You block the yak's attack. The yak closely misses you. The yak gores you. x2
The yak gores you but does no damage. The yak gores you!
* * * LOW HITPOINT WARNING * * *
The yak gores you!
* * * LOW HITPOINT WARNING * * *
The yak gores you but does no damage.
You climb upwards.
There is a stone staircase leading down, spattered with blood here.
Unknown command.
The yak attacks as you move away! You block the yak's attack.
The yak attacks as you move away! The yak gores you!
* * * LOW HITPOINT WARNING * * *
The yak attacks as you move away! The yak gores you but does no damage.
The yak attacks as you move away! The yak closely misses you.
The yak attacks as you move away! The yak gores you.
* * * LOW HITPOINT WARNING * * *
The yak attacks as you move away! The yak gores you but does no damage.
The yak attacks as you move away! You block the yak's attack.
The yak attacks as you move away! The yak gores you but does no damage.
The yak closely misses you. The yak attacks as you move away!
The yak gores you!
* * * LOW HITPOINT WARNING * * *
The yak attacks as you move away! You block the yak's attack.
The yak attacks as you move away! You block the yak's attack.
The yak attacks as you move away! The yak completely misses you.
The yak completely misses you. The yak gores you.
* * * LOW HITPOINT WARNING * * *
The yak enters a dispersal trap!
The yak blinks! x8
You feel a strange sense of stasis.
The yak blinks!
The yak attacks as you move away! The yak gores you but does no damage.
The yak attacks as you move away! The yak gores you!
* * * LOW HITPOINT WARNING * * *
The yak attacks as you move away! The yak misses you.
The yak attacks as you move away! The yak barely misses you.
The yak attacks as you move away! The yak gores you!
You die...
Your body rises from the dead as a mindless zombie.

#..#.#[[..##...#.#..#...#.#
#..#.#.#[...#...........#.#
#..#.#.#..####............#
...#.#[##.# #............#
...#.#.##.####.#[#........#
.....[........?#........#.#
#Y##.#.##..#####........#.#
#..#.#.....YYY.Y........#.#
##.#.#####..####@.......#.#
.....Y.........#<.......#'#######
###.....###..#.#.#.###.#.........
#....(# ##.#.#.#.# #.#.).......
#.....# #...#.#.# #.#.........
#.....# ##......# #.#.........
##.....# #.......# #.#.).......
#......####.......# #.#...).....
#...............#.# #.##)#######


You could see 4 yaks.

Vanquished Creatures
  Amaemon (D:8)
  The ghost of pigah the Zephyrmancer, a novice OpAE (D:6)
  Pikel (D:4)
  An orange demon (D:8)
  A troll (D:8)
  Grum (D:8)
  2 yaks (D:8)
  Eustachio (D:5)
  A steam dragon (D:7)
  Duvessa (D:5)
  Pargi (D:4)
  2 sky beasts
  A black bear (D:6)
  An ice beast (D:7)
  An ogre (D:5)
  3 orc warriors
  2 wolves (D:8)
  A phantom (D:4)
  3 lemures
  2 kobold brigands
  3 necrophages
  4 scorpions
  2 bullfrogs
  A water moccasin zombie (D:4)
  10 wights
  Dowan (D:5)
  8 killer bees (D:8)
  8 hounds
  A bullfrog skeleton (D:4)
  A gnoll shaman (D:7)
  3 orc priests
  2 jellies
  2 iguanas
  A scorpion zombie (D:4)
  6 orc wizards
  A howler monkey zombie (D:4)
  6 gnolls
  6 adders
  A white imp (D:6)
  An ufetubus (D:5)
  3 adder zombies (D:4)
  5 worms
  2 dart slugs
  12 orcs
  8 endoplasms
  2 giant cockroaches
  8 goblins
  3 hobgoblins
  5 jackals (D:5)
  7 quokkas
  8 ball pythons
  3 bats
  3 frilled lizards
  14 kobolds
  A kobold zombie (D:6)
  A quokka skeleton (D:4)
  A rat (D:3)
182 creatures vanquished.

Vanquished Creatures (collateral kills)
  A necrophage (D:6)
  2 killer bees (D:8)
  A hound (D:6)
  An adder (D:6)
  A white imp (D:7)
  3 orcs (D:8)
  3 kobolds
  A rat (D:2)
13 creatures vanquished.

Vanquished Creatures (others)
  A bullfrog zombie (D:7)
  A scorpion zombie (D:5)
  4 killer bee zombies (D:8)
  3 kobold zombies (D:7)
  2 hound zombies
  A human zombie (D:5)
  A steam dragon zombie (D:7)
  A gnoll zombie (D:7)
  2 jelly zombies
  A goblin zombie (D:2)
  7 orc zombies
  A rat zombie (D:2)
  6 withered plants (D:4)
31 creatures vanquished.

Grand Total: 226 creatures vanquished

Notes
Turn   | Place    | Note
-------+----------+-------------------------------------------
     0 | D:1      | lunkers the Formicid Fighter began the quest for the Orb.
     0 | D:1      | Reached XP level 1. HP: 18/18 MP: 1/1
   280 | D:1      | Reached XP level 2. HP: 22/24 MP: 2/2
   327 | D:1      | Reached XP level 3. HP: 30/30 MP: 3/3
   331 | D:1      | Reached skill level 3 in Maces & Flails
   722 | D:2      | Found a basalt altar of Yredelemnul.
   753 | D:2      | Became a worshipper of Yredelemnul the Dark
   933 | D:2      | Reached XP level 4. HP: 37/37 MP: 4/4
  1020 | D:2      | Reached * piety under Yredelemnul
  1185 | D:2      | Reached ** piety under Yredelemnul
  1222 | D:2      | Found a faded altar of an unknown god.
  1451 | D:2      | Identified the +3 hunting sling "Tequzan" {flame, rPois rF-
                  | Int+2 Stlth+}
  1990 | D:3      | Identified the +5 flail of the Extremes {drain, *Noise MP+9
                  | Int+5 Stlth+}
  2285 | D:3      | You fall into a shaft and drop 3 floors!
  2290 | D:6      | Reached skill level 4 in Maces & Flails
  2290 | D:6      | Reached XP level 5. HP: 42/42 MP: 5/5
  2310 | D:6      | Reached skill level 5 in Maces & Flails
  2310 | D:6      | Reached XP level 6. HP: 43/50 MP: 6/6
  2312 | D:6      | Identified the +12 trident of Demand {flame, rPois rF+
                  | Int+4 Dex+3}
  2314 | D:6      | Noticed a black bear
  2319 | D:6      | Killed a black bear
  2320 | D:6      | Reached skill level 5 in Fighting
  2324 | D:6      | Reached XP level 7. HP: 51/56 MP: 7/7
  2403 | D:6      | Reached skill level 6 in Maces & Flails
  2498 | D:6      | Found a large runed translucent door.
  2499 | D:6      | Found a large runed translucent door.
  2566 | D:6      | Found an ornate altar of the Wu Jian Council.
  2668 | D:6      | Found a large runed translucent door.
  2668 | D:6      | Found a large runed translucent door.
  2670 | D:6      | Noticed pigah's ghost (novice OpAE)
  2701 | D:6      | Found a glowing golden altar of the Shining One.
  2825 | D:5      | Entered Level 5 of the Dungeon
  2845 | D:5      | Noticed Eustachio
  2855 | D:5      | Killed Eustachio
  2856 | D:5      | Reached skill level 7 in Maces & Flails
  2856 | D:5      | Reached XP level 8. HP: 59/64 MP: 8/8
  2859 | D:5      | Noticed Duvessa
  2862 | D:5      | Noticed Dowan
  2868 | D:5      | Your ally Eustachio died
  3085 | D:4      | Found a basalt altar of Yredelemnul.
  3222 | D:4      | Noticed Pargi
  3224 | D:4      | Reached skill level 8 in Maces & Flails
  3232 | D:4      | Killed Pargi
  3456 | D:4      | Reached XP level 9. HP: 72/72 MP: 9/9
  4114 | D:3      | Identified the +1 ring mail "Aschoxt" {*Corrode Dex+4}
  4142 | D:3      | Found a stormy altar of Qazlal.
  4471 | D:5      | Reached skill level 9 in Maces & Flails
  4471 | D:5      | Found a staircase to the Ecumenical Temple.
  4471 | D:5      | Noticed Pikel
  4783 | D:4      | Killed Pikel
  4948 | D:5      | Killed Duvessa
  4949 | D:5      | Reached skill level 10 in Maces & Flails
  5423 | D:5      | Killed Dowan
  5638 | D:5      | Found a shimmering altar of Xom.
  5872 | D:6      | Killed pigah's ghost
  5873 | D:6      | Reached XP level 10. HP: 47/82 MP: 10/10
  6077 | D:6      | Found a sacrificial altar of Ru.
  6090 | D:6      | Found an ancient bone altar of Kikubaaqudgha.
  6182 | D:7      | Reached skill level 11 in Maces & Flails
  6659 | D:7      | Found a radiant altar of Vehumet.
  7531 | D:7      | Found a sparkling altar of Nemelex Xobeh.
  7801 | D:7      | Found a bloodstained altar of Trog.
  7913 | D:8      | Reached skill level 12 in Maces & Flails
  7981 | D:8      | Noticed Grum
  8010 | D:8      | Reached skill level 10 in Fighting
  8017 | D:8      | Killed Grum
  8536 | D:8      | Noticed Amaemon
  8547 | D:8      | Killed Amaemon
  8548 | D:8      | Reached XP level 11. HP: 54/92 MP: 11/11
  8609 | D:8      | Reached skill level 13 in Maces & Flails
  8916 | D:8      | Found a glowing silver altar of Zin.
  8953 | D:8      | Found an opulent altar of Gozag.
  9065 | D:8      | Found a burning altar of Makhleb.
  9404 | D:8      | Slain by a yak

Illustrated notes

Levels and vault maps discovered:
D:1:      minmay_arrival_solitary_statue, layout_rooms, minmay_indecisive_spiral
D:2:      minmay_evil_eye, layout_basic, basic_altar,
          hellmonk_ecumenical_altar_heavens_door, kennysheep_boxes
D:3:      layout_loops_corners, nicolae_qazlal_eye_of_the_storm
D:4:      layout_loops_ring, serial_undead, serial_undead_c, serial_undead_b,
          serial_undead_a, serial_undead_c, minmay_ruined_shrine, uniq_pargi
D:5:      layout_rooms, mainiacjoe_overflow_tiny_flanked,
          minmay_temple_entry_tees, kennysheep_generic_room_15, uniq_duvessa,
          uniq_eustachio, uniq_pikel
D:6:      nicolae_cairo_tiling_large_dashed, layout_rooms,
          mainiacjoe_overflow_alcove_4, jmf_multi_god_temple2,
          mainiacjoe_overflow_24_doors, ebering_ghost_disaster_area
D:7:      nicolae_cairo_tiling, layout_loops_cross, lemuel_crystal_altar,
          trog_book, mainiacjoe_overflow_small_starburst
D:8:      layout_basic, overflow_temple_1_default, grunt_gozag_statues,
          zin_academy, uniq_amaemon, uniq_grum
D:9:      layout_irregular_city, kennysheep_little_box, serial_shops,
          nicolae_lakefront_shop, uniq_gastronok

Skill      XL: |  1  2  3  4  5  6  7  8  9 10 11 |
---------------+----------------------------------+-----
Maces & Flails | 3 4 5 7 8 10 12 13 | 13.4
Fighting       | 4 5 6 7 8 10 | 10.9
Armour         | |  3.2
Shields        | |  4.0

Action                   |  1- 3 |  4- 6 |  7- 9 | 10-12 || total
-------------------------+-------+-------+-------+-------++-------
Melee: Flail             |    63 |    65 |   240 |   228 ||   596
  Use: Scroll            |       |     7 |     8 |     2 ||    17
       Potion            |       |       |       |     1 ||     1
 Stab: Distracted        |       |     1 |     1 |       ||     2
       Sleeping          |       |       |     1 |       ||     1
Armor: Scale mail        |    19 |    37 |   131 |    81 ||   268
Dodge: Dodged            |    30 |    23 |    99 |    88 ||   240
Block: Buckler           |    15 |    14 |    49 |    80 ||   158

Table legend: (Time is in decaauts)
 A = Elapsed time spent in this place.
 B = Non-inter-level travel time spent in this place.
 C = Inter-level travel time spent in this place.
 D = Time resting spent in this place.
 E = Time spent auto-exploring this place.
 F = Levels seen in this place.
 G = Mean time per level.
                   A        B        C        D        E       F      G
               +--------+--------+--------+--------+--------+-----+--------+
         Total |   9401 |   9128 |    273 |   1492 |   6003 |   9 | 1044.6 |
       Dungeon |   9401 |   9128 |    273 |   1492 |   6003 |   9 | 1044.6 |
               +--------+--------+--------+--------+--------+-----+--------+

Top non-repeatable levels by time:
     D:4: 1903 daAuts
     D:7: 1789 daAuts
     D:8: 1238 daAuts
     D:2: 1095 daAuts
     D:3: 1044 daAuts
     D:6: 992 daAuts
     D:1: 733 daAuts
     D:5: 549 daAuts
     D:9: 54 daAuts
